 Dungeon Crawl Stone Soup version 0.19-a0-1886-gd64a0f0 (webtiles) character file.

73705 tyvek the Severer (level 15, 0/207 HPs)
             Began as a Minotaur Berserker on Oct 15, 2016.
             Was a High Priest of Trog.
             Killed from afar by a tengu reaver (27 damage)
             ... with a bolt of lightning
             ... on level 12 of the Dungeon on Oct 16, 2016.
             The game lasted 00:43:53 (20059 turns).

tyvek the Severer (Minotaur Berserker)             Turns: 20059, Time: 00:43:54

Health: 0/207      AC: 30    Str: 35    XL:     15   Next: 4%
Magic:  14/14      EV: 14    Int:  5    God:    Trog [*****.]
Gold:   846        SH:  3    Dex: 10    Spells: 0 memorised, 14 levels left

rFire  . . .     SeeInvis .     a - +5 executioner's axe (vamp)
rCold  . . .     Gourm    .     x - +3 plate armour {rPois}
rNeg   . . .     Faith    .     (shield currently unavailable)
rPois  +         Spirit   .     F - +2 hat
rElec  .         Dismiss  .     (no cloak)
rCorr  .         Reflect  +     E - +0 pair of gloves {Str+3}
MR     ++++.     Harm     .     P - +2 pair of boots
Stlth  ..........               d - +3 amulet of reflection
                                O - +4 ring of protection
                                M - ring of protection from magic

@: berserking, regenerating, very quick
A: retaliatory headbutt, horns 2
a: Berserk, Trog's Hand, Brothers in Arms, Burn Spellbooks, Renounce Religion


You were on level 12 of the Dungeon.
You worshipped Trog.
Trog was extremely pleased with you.
You were very hungry.

You visited 3 branches of the dungeon, and saw 20 of its levels.

You collected 2197 gold pieces.
You spent 1351 gold pieces at shops.


Innate Abilities, Weirdness & Mutations

You reflexively headbutt those who attack you in melee.
You have a pair of horns on your head.


   Skills:
 + Level 14.3 Fighting
 * Level 19.4 Axes
 + Level 14.1 Armour
 + Level 13.0 Dodging


You had 14 spell levels left.
You didn't know any spells.

Inventory:

Hand Weapons
 a - a +5 vampiric executioner's axe (weapon)
Missiles
 V - 6 curare-tipped needles {=f}
Armour
 x - a +3 plate armour of poison resistance (worn)
 E - a +0 pair of gloves of strength (worn)
 F - a +2 hat (worn)
 P - a +2 pair of boots (worn)
Jewellery
 c - an uncursed ring of protection from cold
 d - a +3 amulet of reflection (around neck)
 M - a ring of protection from magic (left hand)
 O - a +4 ring of protection (right hand)
 R - an uncursed ring of resist corrosion
 S - a +2 ring of strength
Wands
 B - a wand of lightning (11/15)
 C - a wand of disintegration (14/24)
 D - a wand of flame (21/48)
 G - a wand of iceblast (6/15)
 H - a wand of polymorph (14/24)
 K - a wand of heal wounds (2/9) {@v2}
 T - a wand of hasting (4/9) {@v3}
 U - a wand of digging (10/24)
Scrolls
 b - 2 scrolls of magic mapping
 m - 5 scrolls of enchant armour
 n - 4 scrolls of teleportation {@r4}
 u - 2 scrolls of noise {!r}
 y - 4 scrolls of fog
 A - 8 scrolls of remove curse {@r2}
 L - a scroll of blinking
 N - 7 scrolls of fear
 Q - a scroll of identify {@r1}
Potions
 i - 6 potions of heal wounds {@q2}
 j - 4 potions of curing {@q1}
 k - 4 potions of might
 l - 5 potions of brilliance
 o - 3 potions of berserk rage {!q}
 p - 5 potions of haste {@q3}
 q - 3 potions of flight
 s - a potion of mutation {!q}
 t - 2 potions of agility
 v - 2 potions of cure mutation
 w - 5 potions of invisibility
 J - 3 potions of resistance
 W - a potion of magic
Comestibles
 e - 12 bread rations {@e1}
 f - 9 fruits {@e2}
 g - 8 beef jerkies {@e2}
 h - 8 royal jellies {@e3}
 r - 11 meat rations {@e1}
 z - 2 chunks of flesh

Dungeon Overview and Level Annotations

Branches:
Dungeon (12/15)            Temple (0/1) D:4            Lair (6/6) D:8
 Shoals (0/4) Lair:4        Snake (0/4) Lair:2        Slime (0/5) Lair:6
    Orc (2/2) D:9             Elf (0/3) Orc:2

Altars:
Ashenzari
Dithmenos
Fedhas
Gozag
Hepliaklqana
Kikubaaqudgha
Qazlal
Ru
Sif Muna
Trog
Vehumet
Yredelemnul
The Shining One
Beogh
Jiyva

Shops:
D:5 }   D:6 [   D:10 (   Orc:2 }:(?

Portals:
Trove: D:10 (show abyssal rune of Zot)

Annotations:
D:7 1 runed door
D:9 exclusion: door

#.............#.....).†##.....#
######...#.####.......###...).#
# ##...#.(# #.......# ####### #
###....##'###########
#......#...#.[.##
###......#.).#.*.'
.##......#...#§QW#
.####....#...##Q*#
#.###....##..##§@#
##.###...##..###†#
#.........#..# ##?
...####.####.+ #.
.#.#.......#.# ##
.#.#.#...#.### .#.#.#.#†#.#
.....#...#.# .#...##.##.#


You could see 2 tengu reavers, a phantasmal warrior and 2 battlespheres.


Message History

The tengu reaver conjures a globe of magical energy!
A battlesphere comes into view.
You slash the hell hog!
You feel better.
You headbutt the hell hog!!
The hell hog is severely wounded.
The tengu reaver blocks your attack.
You slice the ettin!! The hell hog bites you!
* * * LOW HITPOINT WARNING * * *
The phantasmal warrior blinks!
The ettin hits you with a dire flail.
* * * LOW HITPOINT WARNING * * *
The ettin completely misses you.
You carve the hell hog like the proverbial ham!!!
You kill the hell hog!
Trog accepts your kill.
You slash the ettin!
You kill the ettin!
Trog accepts your kill.
You miss the tengu reaver.
The tengu reaver hits you from afar with a halberd!
* * * LOW HITPOINT WARNING * * *
The tengu reaver hits you but does no damage.
The tengu reaver completely misses you. You block the tengu reaver's attack.
The tengu reaver blocks your attack.
The tengu reaver is moderately wounded.
You slash the battlesphere! You miss the tengu reaver.
The tengu reaver is moderately wounded.
You slash the battlesphere! The tengu reaver closely misses you.
The tengu reaver points at you and mumbles some strange words.
The bolt of lightning misses you. The bolt of lightning hits you!
You die...

Skill      XL: |  1  2  3  4  5  6  7  8  9 10 11 12 13 14 |
---------------+-------------------------------------------+-----
Axes           | 4 5 6 7 9 11 13 14 16 17 19 | 19.4
Fighting       | 4 5 6 7 9 10 12 13 14 | 14.3
Dodging        | 3 4 5 6 8 10 11 12 13 | 13.0
Armour         | 3 4 5 6 8 9 10 11 13 14 | 14.1

Action                   |  1- 3 |  4- 6 |  7- 9 | 10-12 | 13-15 || total
-------------------------+-------+-------+-------+-------+-------++-------
Melee: Hand axe          |    79 |   153 |   224 |       |       ||   456
       Headbutt          |    12 |    23 |    62 |    96 |   119 ||   312
       War axe           |       |       |    55 |   102 |       ||   157
       Battleaxe         |       |       |       |   106 |       ||   106
       Executioner's axe |       |       |       |   188 |   621 ||   809
       Broad axe         |       |       |       |     5 |       ||     5
Invok: Berserk           |       |     2 |     4 |     8 |     2 ||    16
       Trog's Hand       |       |       |     2 |     5 |     4 ||    11
       Burn Spellbooks   |       |       |     1 |     5 |     6 ||    12
Evoke: Wand              |       |       |       |     1 |     1 ||     2
  Use: Scroll            |       |     9 |     1 |    12 |    12 ||    34
       Potion            |       |       |     3 |     1 |     2 ||     6
 Stab: Paralysed         |       |       |     1 |       |       ||     1
       Petrified         |       |       |       |       |    13 ||    13
       Invisible         |       |       |       |       |     2 ||     2
       Petrifying        |       |       |       |       |     1 ||     1
  Eat: Chunk             |       |     8 |    10 |    24 |    20 ||    62
       Pizza             |       |       |     2 |       |    10 ||    12
       Royal jelly       |       |       |     1 |       |     1 ||     2
       Bread ration      |       |       |       |     1 |       ||     1
       Meat ration       |       |       |       |       |     1 ||     1
Armor: Plate armour      |    38 |   107 |   171 |   290 |   492 ||  1098
       Animal skin       |     1 |       |       |       |       ||     1
Dodge: Dodged            |    41 |    48 |   102 |   285 |   494 ||   970
Block: Other             |     1 |       |       |       |    41 ||    42
       Reflection        |       |       |       |       |     1 ||     1

Vault maps used:
D:1:      tarquinn_simple_flora_water_a, minmay_misc_feat_roman
D:2:      lemuel_round_altar
D:3:      fedhas_altar_3, lemuel_doored_altar, nicolae_overflow_crystal_walls,
          first_bread
D:5:      grunt_dithmenos_smoke, serial_shops, shop
D:6:      evilmike_ruin_ashenzari, nicolae_ru_great_annihilating_truth,
          lemuel_round_altar, serial_shops, nicolae_shop_statue_plus
D:7:      grunt_livestock, lemuel_angel_altar
D:8:      kennysheep_mini, dpeg_oklobed_lair, uniq_gastronok
D:9:      lemuel_coloured_pillars_altar, led_sif_book, kennysheep_mini_moat,
          orc_0_dummy
D:10:     nicolae_trove_entry_crossroad, serial_shops,
          nicolae_shop_behind_doors, grunt_decor_mini_mirrors, uniq_erica
D:11:     cheibrodos_tormentor_scu, uniq_snorg
D:12:     minmay_sliced_demisemicircle, nicolae_tso_swordbearing_angel
Lair:1:   st_stairs_13
Lair:2:   minmay_snake_entry_six_corridors, serial_bayou_shore_b
Lair:3:   dragon1_lemuel, serial_bayou_shore_a
Lair:4:   elwin_shoals_entry_stream
Lair:5:   regret_index_harrowing_hell_hive, grunt_megastairs_1
Lair:6:   grunt_lair_end_beastmaster, slime_altar_1, lab_entry_generic
Orc:1:    nicolae_orc_accident_3, serial_shops, nicolae_shop_stone
Orc:2:    kennysheep_orc_mage_school, minmay_orc_keep

Notes
Turn   | Place    | Note
-------+----------+-------------------------------------------
     0 | D:1      | tyvek the Minotaur Berserker began the quest for the Orb.
     0 | D:1      | Reached XP level 1. HP: 19/19 MP: 0/0
    76 | D:1      | Reached XP level 2. HP: 23/27 MP: 1/1
   153 | D:1      | Reached skill level 4 in Axes
   770 | D:2      | Reached XP level 3. HP: 29/33 MP: 2/2
   798 | D:2      | Reached ** piety under Trog
   808 | D:2      | Found an ancient bone altar of Kikubaaqudgha.
   817 | D:2      | Reached skill level 4 in Fighting
   985 | D:2      | Reached skill level 3 in Dodging
  1064 | D:2      | Reached XP level 4. HP: 29/40 MP: 3/3
  1503 | D:3      | Reached skill level 3 in Armour
  1584 | D:3      | Reached skill level 5 in Axes
  1662 | D:3      | Found a stormy altar of Qazlal.
  1735 | D:3      | Found a basalt altar of Yredelemnul.
  1831 | D:3      | Found a blossoming altar of Fedhas.
  1991 | D:4      | Found a staircase to the Ecumenical Temple.
  1998 | D:4      | Reached *** piety under Trog
  2000 | D:4      | Reached XP level 5. HP: 47/47 MP: 4/4
  2035 | D:4      | Noticed an ogre
  2045 | D:4      | Killed an ogre
  2134 | D:4      | Reached skill level 4 in Armour
  2134 | D:4      | Reached XP level 6. HP: 53/55 MP: 5/5
  2149 | D:4      | Reached skill level 5 in Fighting
  2149 | D:4      | Reached skill level 4 in Dodging
  2303 | D:4      | Reached skill level 6 in Axes
  2863 | D:4      | Reached **** piety under Trog
  3021 | D:5      | Entered Level 5 of the Dungeon
  3044 | D:5      | Reached XP level 7. HP: 60/61 MP: 6/6
  3057 | D:5      | Found Ocihug's Gadget Boutique.
  3089 | D:5      | Noticed Yezarul's ghost (novice FoFi)
  3113 | D:5      | Killed Yezarul's ghost
  3113 | D:5      | Reached skill level 6 in Fighting
  3113 | D:5      | Reached skill level 7 in Axes
  3113 | D:5      | Reached skill level 5 in Armour
  3113 | D:5      | Reached skill level 5 in Dodging
  3398 | D:5      | Found a shadowy altar of Dithmenos.
  3506 | D:5      | Reached XP level 8. HP: 52/70 MP: 7/7
  3511 | D:5      | Reached skill level 8 in Axes
  3913 | D:6      | Reached skill level 6 in Armour
  3926 | D:6      | Found a shattered altar of Ashenzari.
  3994 | D:6      | Found a sacrificial altar of Ru.
  4033 | D:6      | Reached skill level 9 in Axes
  4131 | D:6      | HP: 7/71 [orc (3)]
  4148 | D:6      | Reached skill level 7 in Fighting
  4151 | D:6      | Reached skill level 6 in Dodging
  4447 | D:6      | Reached XP level 9. HP: 78/79 MP: 8/8
  4486 | D:6      | Found a bloodstained altar of Trog.
  4525 | D:6      | Found Loru's Armour Emporium.
  4531 | D:6      | Bought a +0 pair of gloves of strength for 149 gold pieces
  4780 | D:7      | Reached ***** piety under Trog
  4781 | D:7      | Reached skill level 7 in Armour
  4827 | D:7      | Found a runed door.
  4829 | D:7      | Found a glowing golden altar of the Shining One.
  4829 | D:7      | Noticed an angel
  5058 | D:7      | Reached skill level 10 in Axes
  5087 | D:7      | Reached skill level 7 in Dodging
  5704 | D:7      | Reached skill level 8 in Fighting
  6284 | D:8      | Noticed Gastronok
  6286 | D:8      | Paralysed by a hornet for 1 turns
  6289 | D:8      | Reached skill level 11 in Axes
  6289 | D:8      | Reached skill level 8 in Armour
  6308 | D:8      | Killed Gastronok
  6308 | D:8      | Reached skill level 9 in Fighting
  6308 | D:8      | Reached skill level 8 in Dodging
  6308 | D:8      | Reached XP level 10. HP: 87/91 MP: 9/9
  6353 | D:8      | Reached skill level 12 in Axes
  6511 | D:8      | Found a staircase to the Lair.
  6610 | D:8      | Found a hazy altar of Hepliaklqana.
  6968 | D:9      | Found an opulent altar of Gozag.
  7090 | D:9      | Found a radiant altar of Vehumet.
  7118 | D:9      | Reached skill level 9 in Armour
  7147 | D:9      | Found a staircase to the Orcish Mines.
  7330 | D:9      | Found a deep blue altar of Sif Muna.
  7357 | D:9      | Received a gift from Trog
  7733 | D:9      | Reached skill level 13 in Axes
  7757 | Orc:1    | Entered Level 1 of the Orcish Mines
  7757 | Orc:1    | Noticed a stone giant
  7763 | Orc:1    | Killed a stone giant
  7763 | Orc:1    | Reached XP level 11. HP: 99/99 MP: 10/10
  7861 | Orc:1    | Reached skill level 10 in Fighting
  8113 | Orc:1    | Noticed an orc high priest
  8120 | Orc:1    | Reached skill level 9 in Dodging
  8123 | Orc:1    | Killed an orc high priest
  8161 | Orc:1    | Noticed a wolf spider
  8163 | Orc:1    | Noticed a wolf spider
  8163 | Orc:1    | Noticed a wolf spider
  8237 | Orc:1    | Killed a wolf spider
  8241 | Orc:1    | Killed a wolf spider
  8242 | Orc:1    | Killed a wolf spider
  8242 | Orc:1    | Reached skill level 10 in Armour
  8614 | Orc:2    | Entered Level 2 of the Orcish Mines
  8614 | Orc:2    | Noticed an orc sorcerer
  8620 | Orc:2    | Noticed a sixfirhy
  8622 | Orc:2    | Killed an orc sorcerer
  8627 | Orc:1    | Reached skill level 14 in Axes
  8850 | Orc:2    | Found a staircase to the Elven Halls.
  8869 | Orc:2    | Noticed an orc sorcerer
  8875 | Orc:2    | Killed an orc sorcerer
  8875 | Orc:2    | Received a gift from Trog
  9229 | Orc:2    | Received a gift from Trog
  9456 | Orc:2    | Noticed an orc sorcerer
  9473 | Orc:2    | Killed an orc sorcerer
  9474 | Orc:2    | Reached skill level 10 in Dodging
  9486 | Orc:2    | Noticed an orc sorcerer
  9491 | Orc:2    | Noticed a soul eater
  9496 | Orc:2    | Killed an orc sorcerer
  9520 | Orc:2    | Noticed an orc sorcerer
  9532 | Orc:2    | Killed an orc sorcerer
  9861 | Orc:2    | Found Liefam's Book Emporium.
  9881 | Orc:2    | Found an ancient bone altar of Kikubaaqudgha.
  9881 | Orc:2    | Noticed an orc sorcerer
  9882 | Orc:2    | Noticed an orc sorcerer
  9883 | Orc:2    | Noticed an orc sorcerer
  9886 | Orc:2    | Killed an orc sorcerer
  9886 | Orc:2    | Reached XP level 12. HP: 108/108 MP: 11/11
  9891 | Orc:2    | Reached skill level 11 in Fighting
  9943 | Orc:2    | Noticed Erolcha
  9947 | Orc:2    | Reached skill level 15 in Axes
  9948 | Orc:2    | Killed Erolcha
  9948 | Orc:2    | Reached skill level 11 in Armour
  9986 | Orc:2    | Reached ****** piety under Trog
 10086 | Orc:2    | Found a radiant altar of Vehumet.
 10134 | Orc:2    | Found Ugroma Fehu's Gadget Shoppe.
 10164 | Orc:2    | Found a roughly hewn altar of Beogh.
 10164 | Orc:2    | Found Goask's Antique Weapon Emporium.
 10170 | Orc:2    | Found Enusa's Magic Scroll Shoppe.
 10261 | Orc:2    | Received a gift from Trog
 10304 | Orc:2    | Bought a wand of heal wounds (2/9) for 396 gold pieces
 10434 | D:6      | Bought a +3 plate armour of poison resistance for 546 gold pieces
 10532 | Lair:1   | Entered Level 1 of the Lair of Beasts
 11039 | D:10     | Entered Level 10 of the Dungeon
 11329 | Orc:2    | Bought a scroll of brand weapon for 260 gold pieces
 11970 | Lair:2   | Noticed a six-headed hydra
 11975 | Lair:2   | Killed a four-headed hydra
 11975 | Lair:2   | Reached skill level 11 in Dodging
 11983 | Lair:2   | Reached skill level 16 in Axes
 12109 | Lair:2   | Found a staircase to the Snake Pit.
 12115 | Lair:2   | Reached skill level 12 in Fighting
 12169 | Lair:2   | Noticed a four-headed hydra
 12175 | Lair:2   | Killed a one-headed hydra
 12175 | Lair:2   | Reached XP level 13. HP: 103/118 MP: 12/12
 12894 | Lair:3   | Reached skill level 12 in Armour
 13334 | Lair:3   | Received a gift from Trog
 13567 | Lair:3   | Noticed aTarkinC's ghost (journeyman FoEE)
 13572 | Lair:3   | Killed aTarkinC's ghost
 13869 | Lair:4   | Reached skill level 17 in Axes
 14019 | Lair:4   | Identified a potion of resistance
 14224 | Lair:4   | Found a staircase to the Shoals.
 15161 | Lair:5   | Reached skill level 12 in Dodging
 15399 | Lair:5   | Reached skill level 13 in Fighting
 15425 | Lair:5   | Received a gift from Trog
 15640 | Lair:5   | Reached skill level 13 in Armour
 15640 | Lair:5   | Reached XP level 14. HP: 117/129 MP: 13/13
 15953 | Lair:5   | Reached skill level 18 in Axes
 16032 | Lair:6   | Entered Level 6 of the Lair of Beasts
 16040 | Lair:6   | Found a labyrinth entrance.
 16100 | Lair:6   | Found a staircase to the Slime Pits.
 16120 | Lair:6   | Found a viscous altar of Jiyva.
 17443 | D:10     | Found Soexadee's Antique Weapon Emporium.
 17503 | D:10     | Found a portal to a secret trove of treasure.
 17756 | D:10     | Noticed Erica
 17766 | D:10     | Killed Erica
 17766 | D:10     | Received a gift from Trog
 18207 | D:11     | Noticed Snorg
 18215 | D:11     | Killed Snorg
 18215 | D:11     | Reached skill level 14 in Fighting
 18215 | D:11     | Reached skill level 19 in Axes
 19208 | D:11     | Received a gift from Trog
 19463 | D:11     | Identified a wand of hasting (You took it off a death knight on level 11 of the Dungeon)
 19605 | D:12     | Reached skill level 14 in Armour
 19621 | D:12     | Reached skill level 13 in Dodging
 20045 | D:12     | Noticed a tengu reaver
 20048 | D:12     | Noticed a tengu reaver
 20049 | D:12     | Reached XP level 15. HP: 117/138 MP: 14/14
 20059 | D:12     | Killed from afar by a tengu reaver

Vanquished Creatures
  Gastronok (D:8)
  A stone giant (Orc:1)
  A dire elephant (Lair:6)
  An ettin (D:12)
  Snorg (D:11)
  An ice dragon (Lair:3)
  Erolcha (Orc:2)
  8 hydras
  Erica (D:10)
  A catoblepas (Lair:6)
  5 death knights
  The ghost of aTarkinC the Geomancer, a journeyman FoEE of Vehumet (Lair:3)
  5 death yaks (Lair:6)
  A deep troll shaman (Lair:6)
  A hell hog (shapeshifter) (D:12)
  An orc high priest (Orc:1)
  2 hill giants
  3 wolf spiders (Orc:1)
  The ghost of Yezarul the Skirmisher, a novice FoFi of Okawaru (D:5)
  11 orc sorcerers (Orc:2)
  A lindwurm (Lair:5)
  2 oklob plants (Lair:5)
  An ugly thing (D:11)
  A manticore (shapeshifter) (D:12)
  5 black mambas
  4 elephants (Lair:6)
  A cyclops (D:12)
  3 sirens (Lair:4)
  12 spiny frogs
  A rime drake (Lair:6)
  9 komodo dragons
  A queen bee (Lair:5)
  2 tormentors (D:11)
  A merfolk (Lair:4)
  3 meliai (Lair:5)
  2 trolls
  3 two-headed ogres
  A hornet (D:8)
  17 blink frogs
  11 dream sheep
  7 hippogriffs
  3 wraiths (D:11)
  A tarantella (Orc:1)
  38 yaks
  A vampire (D:10)
  6 basilisks
  3 hogs (D:7)
  9 wyverns
  A human (D:7)
  A steam dragon (Lair:5)
  A warg (Orc:2)
  A mottled dragon (D:11)
  2 vampire mosquitoes (D:12)
  21 water moccasins
  11 porcupines
  2 ice beasts
  19 orc warriors
  4 black bears
  6 sky beasts
  8 wolves
  11 ogres
  3 centaurs
  A phantom (D:9)
  12 crocodiles
  4 big kobolds
  17 bullfrogs
  A gnoll sergeant (Orc:1)
  A wyvern skeleton (D:8)
  A wyvern zombie (D:10)
  4 scorpions
  37 killer bees
  11 wights
  A howler monkey (D:9)
  8 crimson imps
  A centaur zombie (D:12)
  34 orc wizards
  10 orc priests
  A bullfrog skeleton (D:9)
  A hound (D:4)
  3 jellies
  3 centaur skeletons
  2 gnoll shamans
  An iguana (D:4)
  8 worker ants
  A hound zombie (D:6)
  A hound skeleton (D:3)
  A howler monkey zombie (D:6)
  19 adders
  13 gnolls
  2 river rats (Lair:5)
  4 shadow imps
  2 oozes (D:4)
  2 adder skeletons
  5 worms
  5 leopard geckos
  66 orcs
  5 ball pythons
  3 giant cockroaches
  9 goblins
  4 hobgoblins
  17 jackals
  26 kobolds
  7 quokkas
  5 bats
  6 frilled lizards
  A leopard gecko skeleton (D:7)
  2 quokka skeletons
  3 rats (D:1)
  7 fungi
  8 plants
674 creatures vanquished.

Vanquished Creatures (others)
  A killer bee (Lair:5)
  4 fungi
  4 plants
9 creatures vanquished.

Grand Total: 683 creatures vanquished
